 Dungeon Crawl Stone Soup version 0.18.1-1-g2f07953 (webtiles) character file.

247 aurelian the Cudgeler (level 5, 0/61 HPs)
             Began as a Minotaur Ice Elementalist on May 20, 2016.
             Slain by an iguana (2 damage)
             ... on level 3 of the Dungeon.
             The game lasted 00:12:11 (4882 turns).

aurelian the Cudgeler (Minotaur Ice Elementalist)   Turns: 4882, Time: 00:12:12

Health: 0/61       AC:  4    Str: 17    XL:     5   Next: 85%
Magic:  1/6        EV: 13    Int: 12    God:
Gold:   278        SH:  0    Dex: 12    Spells: 1 memorised, 5 levels left

rFire  x . .     SeeInvis .     C - +0 flail
rCold  + . .     Gourm    .     a - +0 robe
rNeg   . . .     Faith    .     (no shield)
rPois  +         Spirit   .     n - +2 hat
rElec  .         Dismiss  .     (no cloak)
rCorr  .         Reflect  .     (no gloves)
SustAt .         Harm     .     (no boots)
MR     .....                    (no amulet)
Stlth  ..........               e - ring of ice
                                v - ring of poison resistance

@: berserking, very slightly contaminated, very quick, not resistant to hostile
enchantments, extremely unstealthy
A: retaliatory headbutt, horns 2
a: no special abilities


You were on level 3 of the Dungeon.
You were not hungry.

You visited 1 branch of the dungeon, and saw 4 of its levels.

You collected 278 gold pieces.

Inventory:

Hand Weapons
 g - a +0 mace
 C - a +0 flail (weapon)
Missiles
 h - 134 stones (quivered)
 u - 51 sling bullets
 B - a throwing net
Armour
 a - a +0 robe (worn)
 m - a +0 leather armour
 n - a +2 hat (worn)
 q - a cursed +0 chain mail
Magical Staves
 E - an uncursed staff of energy {unknown}
Jewellery
 e - a ring of ice (right hand)
 i - an uncursed ring of protection from magic
 v - a ring of poison resistance (left hand)
Wands
 y - a wand of disintegration (4/24)
Scrolls
 d - 4 scrolls of amnesia
 s - 5 scrolls of identify
 t - 3 scrolls of remove curse
 w - a scroll of blinking
 x - a scroll of fog {unknown}
Potions
 k - 2 potions of brilliance {unknown}
 l - a potion of berserk rage
 o - a potion of flight {unknown}
 p - 2 potions of heal wounds {unknown}
 r - 3 potions of cancellation {unknown}
 z - a potion of curing {unknown}
 D - a potion of haste {unknown}
Books
 b - a book of Frost

   Spells                             Type                      Level
   a - Freeze                         Ice                          1
   b - Throw Frost                    Conjuration/Ice              2
   c - Ozocubu's Armour               Charms/Ice                   3
   d - Throw Icicle                   Conjuration/Ice              4
   e - Summon Ice Beast               Ice/Summoning                4
Comestibles
 c - 3 bread rations
 f - 13 fruits
 j - a beef jerky
 A - 4 chunks of flesh


   Skills:
 + Level 2.1 Fighting
 * Level 6.0 Maces & Flails
 + Level 3.1 Dodging
 - Level 1.5 Stealth
 - Level 1.3 Spellcasting
   Level 0.6 Conjurations
 - Level 2.1 Ice Magic


You had 5 spell levels left.
You knew the following spells:

 Your Spells              Type           Power        Failure   Level  Hunger
a - Freeze                Ice            #...         12%         1    ##.....


Dungeon Overview and Level Annotations

Branches:
Dungeon (4/15)
 Temple: D:4-7

Altars:
Gozag
Xom

Annotations:
D:4 alcopop's ghost, amateur KoAM


Innate Abilities, Weirdness & Mutations

You reflexively headbutt those who attack you in melee.
You have a pair of horns on your head.


Message History

Aim: an iguana You feel a surge of power!
You freeze the iguana.
The iguana is lightly wounded.
The iguana closely misses you.
You hit the iguana but do no damage.
The iguana is lightly wounded.
The iguana bites you.
* * * LOW HITPOINT WARNING * * *
The iguana closely misses you.
Drink which item? (? for menu, Esc to quit)
A red film seems to cover your vision as you go berserk!
You feel yourself moving faster!
You feel mighty! The iguana bites you!
* * * LOW HITPOINT WARNING * * *
Unknown command.
You hit the iguana.
The iguana is moderately wounded.
You barely miss the iguana. Your headbutt misses the iguana.
The iguana is moderately wounded.
The iguana bites you.
You die...

#............. #.############ #.#
## #.# .# #.# .# #.# .# #.#
.###################.############
...............l@................
........######'######........#.#.
#.......#.#.##.##.#.#.......#..#.
.#.......#.##...##.#.......#.#.#.
#.#.......................#.##.#.
##.#.....................#.###.#.
##.#...................#.## #...
##.#.................#.## #.##
#####.#...#..#.#..#...#.######>..


You could see an iguana.

Vanquished Creatures
  Natasha (D:3)
  5 gnolls (D:2)
  6 adders
  An ooze (D:3)
  An adder skeleton (D:4)
  3 dart slugs
  2 giant geckos (D:3)
  7 orcs
  4 giant cockroaches
  4 goblins
  14 hobgoblins
  4 jackals (D:2)
  12 kobolds
  3 quokkas
  3 ball pythons
  10 bats
  6 giant newts
  A jackal skeleton (D:4)
  14 rats
101 creatures vanquished.

Notes
Turn   | Place    | Note
--------------------------------------------------------------
     0 | D:1      | aurelian the Minotaur Ice Elementalist began the quest for the Orb.
     0 | D:1      | Reached XP level 1. HP: 14/14 MP: 1/1
    75 | D:1      | Reached skill level 1 in Fighting
   101 | D:1      | Reached skill level 1 in Maces & Flails
   288 | D:1      | Reached XP level 2. HP: 23/23 MP: 0/3
   478 | D:1      | Reached skill level 2 in Maces & Flails
   936 | D:1      | Reached XP level 3. HP: 28/28 MP: 4/4
  1205 | D:2      | Reached skill level 3 in Maces & Flails
  1775 | D:2      | Reached skill level 4 in Maces & Flails
  1833 | D:2      | Reached XP level 4. HP: 34/35 MP: 0/5
  2456 | D:2      | Reached skill level 5 in Maces & Flails
  2933 | D:2      | Reached XP level 5. HP: 34/40 MP: 1/6
  3400 | D:3      | Found a faded altar to an unknown god.
  3787 | D:3      | Found a shimmering altar of Xom.
  3851 | D:3      | Found an opulent altar of Gozag.
  4495 | D:4      | Noticed alcopop's ghost (amateur KoAM)
  4860 | D:4      | Noticed Natasha
  4877 | D:3      | Killed Natasha
  4877 | D:3      | Reached skill level 6 in Maces & Flails
  4880 | D:3      | HP: 2/61 [iguana (14)]
  4882 | D:3      | Slain by an iguana

Skill      XL: |  1  2  3  4  5 |
---------------+----------------+-----
Fighting       | 1 2 |  2.1
Maces & Flails | 1 2 4 5 6 |  6.0
Dodging        | 3 |  3.1
Stealth        | |  1.5
Spellcasting   | |  1.3
Conjurations   | |  0.6
Ice Magic      | |  2.1

Action                   |  1- 3 |  4- 6 || total
-------------------------+-------+-------++-------
Melee: Mace              |    57 |    35 ||    92
       Headbutt          |     3 |     3 ||     6
       Flail             |       |    12 ||    12
 Fire: Hunting sling     |     5 |       ||     5
Throw: Stone             |     6 |     2 ||     8
 Cast: Freeze            |    33 |    74 ||   107
  Use: Scroll            |     5 |     1 ||     6
       Potion            |       |     1 ||     1
 Stab: Sleeping          |     1 |     1 ||     2
  Eat: Chunk             |     4 |    12 ||    16
Armor: Robe              |    37 |    28 ||    65
Dodge: Dodged            |    68 |    69 ||   137
